MLB
WASHINGTON NATIONALS @ TAMPA BAY RAYS
06/26/2018
 
TOP OF THE 1ST
Washington Nationals batting - Pitching for Tampa Bay Rays : LHP Drew Smyly
Pitching: LHP Drew Smyly
Batting: RHB Chris Taylor 0-0: Foul Ball, location: 2F
0-1: Fly out, F9 (Line Drive, 9)
Batting: LHB Andrew Benintendi 0-0: Called Strike
0-1: Foul Ball, location: 2F
0-2: Ball
1-2: Ball
2-2: Ball
3-2: Foul Ball, location: 2F
3-2: Base on Balls
Batting: RHB Marcell Ozuna 0-0: Ball
1-0: Foul Ball, location: 2F
1-1: Fly out, F8 (Line Drive, 8RD)
Batting: RHB Steve Pearce 0-0: Ball
1-0: Swinging Strike
1-1: Called Strike
Andrew Benintendi is caught stealing 2nd base 2-4
Top of the 1st over - 0 runs, 0 hits, 0 errors, 0 left on base; Washington 0 - Tampa Bay 0
BOTTOM OF THE 1ST
Tampa Bay Rays batting - Pitching for Washington Nationals : RHP Shelby Miller
Pitching: RHP Shelby Miller
Batting: LHB Michael Conforto 0-0: Ball
1-0: Called Strike
1-1: Swinging Strike
1-2: Ball
2-2: Ball
3-2: Foul Ball, location: 2F
3-2: Fly out, F8 (Line Drive, 8RD)
Batting: RHB A.J. Pollock 0-0: Called Strike
0-1: Foul Ball, location: 2F
0-2: Foul Ball, location: 2F
0-2: Foul Ball, location: 2F
0-2: Ground out 4-3 (Groundball, 4)
Batting: LHB Joey Votto 0-0: Ball
1-0: Foul Ball, location: 2F
1-1: Swinging Strike
1-2: Ball
2-2: SINGLE (Groundball, 6MD)
Batting: RHB Gary Sanchez 0-0: Called Strike
0-1: Ball
1-1: Fielders Choice at 2nd, 4-6 (Groundball, 6M)
Bottom of the 1st over - 0 runs, 1 hit, 0 errors, 1 left on base; Washington 0 - Tampa Bay 0
TOP OF THE 2ND
Washington Nationals batting - Pitching for Tampa Bay Rays : LHP Drew Smyly
Batting: RHB Steve Pearce 0-0: Fly out, F9 (Flyball, 8RM)
Batting: SHB Aaron Hicks 0-0: Ball
1-0: Ball
2-0: Called Strike
2-1: Foul Ball, location: 2F
2-2: Ball
3-2: Strikes out looking
Batting: LHB Yonder Alonso 0-0: Called Strike
0-1: SINGLE (Line Drive, 4D)
Batting: SHB Alen Hanson 0-0: Ball
1-0: Ball
2-0: SINGLE (Groundball, 34D)
Yonder Alonso to second
Runner from 2nd tries for 3rd, SAFE, throw by RF made to third
Batting: RHB Sean Rodriguez 0-0: Foul Ball, location: 2F
0-1: Swinging Strike
0-2: Fly out, F9 (Flyball, 9S)
Top of the 2nd over - 0 runs, 2 hits, 0 errors, 2 left on base; Washington 0 - Tampa Bay 0
BOTTOM OF THE 2ND
Tampa Bay Rays batting - Pitching for Washington Nationals : RHP Shelby Miller
Batting: LHB Adam Eaton 0-0: Ball
1-0: Fly out, F3 (Line Drive, 3)
Batting: SHB Neil Walker 0-0: Ball
1-0: Ball
2-0: Called Strike
2-1: Foul Ball, location: 2F
2-2: SOLO HOME RUN (Flyball, 9LD), Distance : 352 ft
Batting: RHB Adrian Beltre 0-0: Ground out 5-3 (Groundball, 56)
Batting: SHB Robbie Grossman 0-0: Ground out 6-3 (Groundball, 6M)
Bottom of the 2nd over - 1 run, 1 hit, 0 errors, 0 left on base; Washington 0 - Tampa Bay 1
TOP OF THE 3RD
Washington Nationals batting - Pitching for Tampa Bay Rays : LHP Drew Smyly
Batting: RHB Tom Murphy 0-0: Ball
1-0: Ground out 6-3 (Groundball, 56)
Batting: RHB Chris Taylor 0-0: Ball
1-0: Called Strike
1-1: Called Strike
1-2: Ball
2-2: Foul Ball, location: 2F
2-2: Ball
3-2: Fly out, F9 (Flyball, 9)
Batting: LHB Andrew Benintendi 0-0: Ball
1-0: Called Strike
1-1: Swinging Strike
1-2: Strikes out swinging
Top of the 3rd over - 0 runs, 0 hits, 0 errors, 0 left on base; Washington 0 - Tampa Bay 1
BOTTOM OF THE 3RD
Tampa Bay Rays batting - Pitching for Washington Nationals : RHP Shelby Miller
Batting: RHB Matt Duffy 0-0: Ball
1-0: Bunt for hit to 23 - play at first, batter OUT! 3-4
Batting: LHB Michael Conforto 0-0: Ball
1-0: Swinging Strike
1-1: Ball
2-1: Foul Ball, location: 2F
2-2: Strikes out swinging
Batting: RHB A.J. Pollock 0-0: Ball
1-0: Ball
2-0: SINGLE (Groundball, 56D)
Batting: LHB Joey Votto 0-0: Ball
1-0: Ball
A.J. Pollock is caught stealing 2nd base 2-6
Bottom of the 3rd over - 0 runs, 1 hit, 0 errors, 0 left on base; Washington 0 - Tampa Bay 1
TOP OF THE 4TH
Washington Nationals batting - Pitching for Tampa Bay Rays : LHP Drew Smyly
Batting: RHB Marcell Ozuna 0-0: Ball
1-0: Ball
2-0: Swinging Strike
2-1: Ball
3-1: Base on Balls
Batting: RHB Steve Pearce 0-0: Called Strike
0-1: Ball
1-1: Ball
2-1: Fly out, F7 (Line Drive, 78S)
Batting: SHB Aaron Hicks 0-0: Called Strike
0-1: Ground out 6-3 (Groundball, 6S)
Marcell Ozuna to second
Batting: LHB Yonder Alonso 0-0: Called Strike
0-1: Ball
1-1: Ground out 6-3 (Groundball, 6M)
Top of the 4th over - 0 runs, 0 hits, 0 errors, 1 left on base; Washington 0 - Tampa Bay 1
BOTTOM OF THE 4TH
Tampa Bay Rays batting - Pitching for Washington Nationals : RHP Shelby Miller
Batting: LHB Joey Votto 0-0: Called Strike
0-1: Ball
1-1: Ball
2-1: Foul Ball, location: 2F
2-2: Ball
3-2: Strikes out swinging
Batting: RHB Gary Sanchez 0-0: Ball
1-0: Ball
2-0: Called Strike
2-1: Swinging Strike
2-2: Ball
3-2: Foul Ball, location: 2F
3-2: Strikes out looking
Batting: LHB Adam Eaton 0-0: Called Strike
0-1: Ball
1-1: Called Strike
1-2: Ball
2-2: Foul Ball, location: 2F
2-2: Ball
3-2: Foul Ball, location: 2F
3-2: Foul Ball, location: 2F
3-2: Ground out 6-3 (Groundball, 6)
Bottom of the 4th over - 0 runs, 0 hits, 0 errors, 0 left on base; Washington 0 - Tampa Bay 1
TOP OF THE 5TH
Washington Nationals batting - Pitching for Tampa Bay Rays : LHP Drew Smyly
Batting: SHB Alen Hanson 0-0: Called Strike
0-1: Ball
1-1: Foul Ball, location: 2F
1-2: Ground out 5-3 (Groundball, 56S)
Batting: RHB Sean Rodriguez 0-0: Ground out 1-3 (Groundball, 13)
Batting: RHB Tom Murphy 0-0: Swinging Strike
0-1: Called Strike
0-2: Strikes out swinging
Top of the 5th over - 0 runs, 0 hits, 0 errors, 0 left on base; Washington 0 - Tampa Bay 1
BOTTOM OF THE 5TH
Tampa Bay Rays batting - Pitching for Washington Nationals : RHP Shelby Miller
Batting: SHB Neil Walker 0-0: Ball
1-0: Swinging Strike
1-1: Ball
2-1: Ball
3-1: Base on Balls
Batting: RHB Adrian Beltre 0-0: Swinging Strike
0-1: Swinging Strike
0-2: Foul Ball, location: 2F
Balk!
Neil Walker to second
0-2: Ball
1-2: Ball
2-2: Foul Ball, location: 2F
2-2: Foul Ball, location: 2F
2-2: Foul Ball, location: 2F
2-2: Ground out 4-3 (Groundball, 4S)
Neil Walker to third
Batting: SHB Robbie Grossman 0-0: Ball
1-0: Ball
2-0: Called Strike
2-1: Ball
3-1: Base on Balls
Batting: RHB Matt Duffy 0-0: Ball
1-0: Ball
2-0: Ball
3-0: Called Strike
3-1: Base on Balls
Robbie Grossman to second
Batting: LHB Michael Conforto 0-0: Foul Ball, location: 2F
0-1: Ball
1-1: Ball
2-1: Ball
3-1: Fly out, F7 (Flyball, 78M)
Runner from 3rd tags up, OUT at HOME! 7-2
Bottom of the 5th over - 0 runs, 0 hits, 0 errors, 2 left on base; Washington 0 - Tampa Bay 1
TOP OF THE 6TH
Washington Nationals batting - Pitching for Tampa Bay Rays : LHP Drew Smyly
Batting: RHB Chris Taylor 0-0: Called Strike
0-1: Foul Ball, location: 2F
0-2: DOUBLE (Flyball, 8RXD)
Batting: LHB Andrew Benintendi 0-0: Swinging Strike
0-1: Swinging Strike
0-2: Strikes out looking
Batting: RHB Marcell Ozuna 0-0: Ball
1-0: Ground out 4-3 (Groundball, 4)
Chris Taylor to third
Batting: RHB Steve Pearce 0-0: Ball
1-0: Ball
2-0: Foul Ball, location: 2F
2-1: Foul Ball, location: 2F
2-2: Ball
3-2: DOUBLE (Line Drive, 8LXD)
Chris Taylor scores
Batting: SHB Aaron Hicks 0-0: Ball
1-0: Ball
2-0: SINGLE (Groundball, 56D)
Steve Pearce to third
Runner from 3rd tries for Home, SAFE, no throw by LF
Batting: LHB Yonder Alonso 0-0: Ball
1-0: Foul Ball, location: 2F
1-1: Foul Ball, location: 2F
1-2: Ball
Aaron Hicks steals 2nd base
2-2: Strikes out swinging
Top of the 6th over - 2 runs, 3 hits, 0 errors, 1 left on base; Washington 2 - Tampa Bay 1
BOTTOM OF THE 6TH
Tampa Bay Rays batting - Pitching for Washington Nationals : RHP Shelby Miller
Pitching: RHP Dominic Leone
Batting: RHB A.J. Pollock 0-0: Foul Ball, location: 2F
0-1: Ball
1-1: Ball
2-1: Foul Ball, location: 2F
2-2: Foul Ball, location: 2F
2-2: Ball
3-2: Foul Ball, location: 2F
3-2: Fly out, F9 (Flyball, 89XD)
Batting: LHB Joey Votto 0-0: Foul Ball, location: 2F
0-1: Ball
1-1: Ball
2-1: Ball
3-1: Base on Balls
Batting: RHB Gary Sanchez 0-0: Called Strike
0-1: Foul Ball, location: 2F
0-2: Ball
1-2: Ball
2-2: Grounds into double play, U4-3 (Groundball, 6M)
Bottom of the 6th over - 0 runs, 0 hits, 0 errors, 0 left on base; Washington 2 - Tampa Bay 1
TOP OF THE 7TH
Washington Nationals batting - Pitching for Tampa Bay Rays : LHP Drew Smyly
Pitching: RHP Brad Brach
Batting: SHB Alen Hanson 0-0: Called Strike
0-1: Called Strike
0-2: TRIPLE (Flyball, 89XD)
Pinch Hitting: LHB Joe Panik 0-0: Ball
1-0: Ground out U3 (Groundball, 3)
Batting: RHB Tom Murphy 0-0: Foul Ball, location: 2F
0-1: Called Strike
0-2: Fly out, F8 (Flyball, 8RS)
Batting: RHB Chris Taylor 0-0: Ball
1-0: Foul Ball, location: 2F
1-1: Called Strike
1-2: Ball
2-2: Foul Ball, location: 2F
2-2: Foul Ball, location: 2F
2-2: Foul Ball, location: 2F
2-2: Fly out, F9 (Flyball, 89S)
Top of the 7th over - 0 runs, 1 hit, 0 errors, 1 left on base; Washington 2 - Tampa Bay 1
BOTTOM OF THE 7TH
Tampa Bay Rays batting - Pitching for Washington Nationals : RHP Dominic Leone
Pitching: RHP Bud Norris
Now at 2B: Joe Panik
Batting: LHB Adam Eaton 0-0: Ball
1-0: Ball
2-0: Swinging Strike
2-1: Ball
3-1: Base on Balls
Batting: SHB Neil Walker 0-0: Ball
1-0: Ball
2-0: Called Strike
2-1: Called Strike
2-2: Ball
3-2: Base on Balls
Adam Eaton to second
Batting: RHB Adrian Beltre 0-0: Grounds into double play, 6-4-3 (Groundball, 6)
Adam Eaton to third
Batting: SHB Robbie Grossman 0-0: Ball
1-0: Called Strike
1-1: Called Strike
1-2: Ball
2-2: Ball
3-2: Fly out, F7 (Flyball, 7S)
Bottom of the 7th over - 0 runs, 0 hits, 0 errors, 1 left on base; Washington 2 - Tampa Bay 1
TOP OF THE 8TH
Washington Nationals batting - Pitching for Tampa Bay Rays : RHP Brad Brach
Pitching: RHP Darren O'Day
Batting: LHB Andrew Benintendi 0-0: Ball
1-0: Foul Ball, location: 2F
1-1: Foul Ball, location: 2F
1-2: Fly out, F8 (Flyball, 8LD)
Batting: RHB Marcell Ozuna 0-0: Called Strike
0-1: Foul Ball, location: 2F
0-2: Foul Ball, location: 2F
0-2: Ball
1-2: Foul Ball, location: 2F
1-2: Ball
2-2: Foul Ball, location: 2F
2-2: DOUBLE (Line Drive, 9LS)
Batting: RHB Steve Pearce 0-0: Called Strike
0-1: Ball
1-1: Called Strike
1-2: Ball
2-2: Strikes out swinging
Batting: SHB Aaron Hicks 0-0: Ball
1-0: Ball
2-0: Called Strike
2-1: Foul Ball, location: 2F
2-2: Foul Ball, location: 2F
2-2: SINGLE (Groundball, 5) (infield hit)
Marcell Ozuna to third
Pitching: RHP Erasmo Ramirez
Batting: LHB Yonder Alonso 0-0: Called Strike
0-1: Foul Ball, location: 2F
0-2: Strikes out swinging
Top of the 8th over - 0 runs, 2 hits, 0 errors, 2 left on base; Washington 2 - Tampa Bay 1
BOTTOM OF THE 8TH
Tampa Bay Rays batting - Pitching for Washington Nationals : RHP Bud Norris
Pitching: RHP Jeremy Jeffress
Batting: RHB Matt Duffy 0-0: Called Strike
0-1: Foul Ball, location: 2F
0-2: Ball
1-2: Ball
2-2: Strikes out swinging
Batting: LHB Michael Conforto 0-0: Called Strike
0-1: Fly out, F7 (Flyball, 7S)
Batting: RHB A.J. Pollock 0-0: Ground out 4-3 (Groundball, 4MD)
Bottom of the 8th over - 0 runs, 0 hits, 0 errors, 0 left on base; Washington 2 - Tampa Bay 1
TOP OF THE 9TH
Washington Nationals batting - Pitching for Tampa Bay Rays : RHP Erasmo Ramirez
Batting: SHB Alen Hanson 0-0: Ball
1-0: Called Strike
1-1: Foul Ball, location: 2F
1-2: Strikes out swinging
Batting: LHB Joe Panik 0-0: Foul Ball, location: 2F
0-1: Foul Ball, location: 2F
0-2: Ball
1-2: Fly out, F8 (Line Drive, 8LM)
Batting: RHB Tom Murphy 0-0: Foul Ball, location: 2F
0-1: Ball
1-1: Foul Ball, location: 2F
1-2: Strikes out swinging
Top of the 9th over - 0 runs, 0 hits, 0 errors, 0 left on base; Washington 2 - Tampa Bay 1
BOTTOM OF THE 9TH
Tampa Bay Rays batting - Pitching for Washington Nationals : RHP Jeremy Jeffress
Batting: LHB Joey Votto 0-0: Ball
1-0: Fly out, F9 (Flyball, 89D)
Batting: RHB Gary Sanchez 0-0: Foul Ball, location: 2F
0-1: SINGLE (Groundball, 5D)
Batting: LHB Adam Eaton 0-0: Ball
1-0: Foul Ball, location: 2F
1-1: Called Strike
1-2: Foul Ball, location: 2F
1-2: Ball
2-2: Ball
Wild Pitch!
Gary Sanchez to second
3-2: SINGLE (Flyball, 89S)
Gary Sanchez to third
Runner from 3rd tries for Home, SAFE, throw by RF to home
Adam Eaton to second
Batting: SHB Neil Walker 0-0: Foul Ball, location: 2F
0-1: Fly out, F9 (Flyball, 89S)
Batting: RHB Adrian Beltre 0-0: Ball
1-0: Ball
2-0: Ball
3-0: Called Strike
3-1: Base on Balls
Batting: SHB Robbie Grossman 0-0: Foul Ball, location: 2F
0-1: Foul Ball, location: 2F
0-2: Ball
1-2: Strikes out swinging
Bottom of the 9th over - 1 run, 2 hits, 0 errors, 2 left on base; Washington 2 - Tampa Bay 2
TOP OF THE 10TH
Washington Nationals batting - Pitching for Tampa Bay Rays : RHP Erasmo Ramirez
Batting: RHB Chris Taylor 0-0: Ball
1-0: Fly out, F7 (Line Drive, 7D)
Batting: LHB Andrew Benintendi 0-0: Ball
1-0: Called Strike
1-1: Ball
2-1: Called Strike
2-2: Ball
3-2: SINGLE (Line Drive, 6MD)
Pitching: LHP Chasen Shreve
Batting: RHB Marcell Ozuna 0-0: Ball
1-0: Ball
2-0: Called Strike
2-1: Ball
3-1: Foul Ball, location: 2F
3-2: Strikes out looking
Batting: RHB Steve Pearce 0-0: Swinging Strike
0-1: Called Strike
0-2: Foul Ball, location: 2F
0-2: Ball
1-2: Fly out, F7 (Line Drive, 7)
Top of the 10th over - 0 runs, 1 hit, 0 errors, 1 left on base; Washington 2 - Tampa Bay 2
BOTTOM OF THE 10TH
Tampa Bay Rays batting - Pitching for Washington Nationals : RHP Jeremy Jeffress
Batting: RHB Matt Duffy 0-0: Ball
1-0: Called Strike
1-1: Ball
2-1: Foul Ball, location: 2F
2-2: Strikes out swinging
Batting: LHB Michael Conforto 0-0: Ball
1-0: Called Strike
1-1: Swinging Strike
1-2: Ball
2-2: Ball
3-2: Base on Balls
Pitching: LHP Adam Morgan
Batting: RHB A.J. Pollock 0-0: Ball
1-0: Called Strike
1-1: Swinging Strike
1-2: Fly out, F3 (Popup, 3S)
Batting: LHB Joey Votto 0-0: Foul Ball, location: 2F
0-1: Ball
1-1: Fly out, F7 (Flyball, 78M)
Bottom of the 10th over - 0 runs, 0 hits, 0 errors, 1 left on base; Washington 2 - Tampa Bay 2
TOP OF THE 11TH
Washington Nationals batting - Pitching for Tampa Bay Rays : LHP Chasen Shreve
Batting: SHB Aaron Hicks 0-0: Foul Ball, location: 2F
0-1: SINGLE (Line Drive, 7S)
Pitching: RHP Bryan Mitchell
Batting: LHB Yonder Alonso 0-0: Swinging Strike
0-1: Ball
1-1: Ball
2-1: Fielders Choice at 2nd, 1-6 (Groundball, 13S)
Pinch Hitting: RHB Yulieski Gurriel 0-0: Called Strike
0-1: Ball
1-1: Fly out, F9 (Line Drive, 9D)
Batting: LHB Joe Panik 0-0: Called Strike
0-1: Called Strike
0-2: Foul Ball, location: 2F
0-2: Ball
1-2: Foul Ball, location: 2F
1-2: Foul Ball, location: 2F
1-2: SINGLE (Groundball, 56S) (infield hit)
Yonder Alonso to second
Batting: RHB Tom Murphy 0-0: Fly out, F4 (Popup, 4M)
Top of the 11th over - 0 runs, 2 hits, 0 errors, 2 left on base; Washington 2 - Tampa Bay 2
BOTTOM OF THE 11TH
Tampa Bay Rays batting - Pitching for Washington Nationals : LHP Adam Morgan
Now at 3B: Yulieski Gurriel
Batting: RHB Gary Sanchez 0-0: Foul Ball, location: 2F
0-1: Called Strike
0-2: Strikes out swinging
Batting: LHB Adam Eaton 0-0: Foul Ball, location: 2F
0-1: DOUBLE (Line Drive, 9LD)
Batting: SHB Neil Walker 0-0: Ball
1-0: Fly out, F7 (Line Drive, 7D)
Runner from 2nd tags up, SAFE at 3rd, no throw by LF
Batting: RHB Adrian Beltre 0-0: Intentional Walk
Batting: SHB Robbie Grossman 0-0: Ball
1-0: Swinging Strike
1-1: SINGLE (Groundball, 6MD)
Adam Eaton scores
Monday, September 3rd, 2018 - OOTP Baseball 19.8 Build 79